 Dungeon Crawl Stone Soup version 0.19-a0-1852-gc11d922 (webtiles) character file.

595 Ryco the Magician (level 7, 0/37 HPs)
             Began as a Deep Elf Fire Elementalist on Oct 10, 2016.
             Succumbed to a killer bee's poison
             ... on level 4 of the Dungeon.
             The game lasted 00:18:40 (2674 turns).

Ryco the Magician (Deep Elf Fire Elementalist)      Turns: 2674, Time: 00:18:40

Health: 0/37       AC:  4    Str:  4 (5)  XL:     7   Next: 17%
Magic:  4/17       EV: 13    Int: 21 (22) God:
Gold:   266        SH:  0    Dex: 12 (15) Spells: 5 memorised, 1 level left

rFire  . . .     SeeInvis .     a - +3 short sword (drain)
rCold  + . .     Gourm    .     m - +0 robe
rNeg   . . .     Faith    .     (no shield)
rPois  .         Spirit   .     (no helmet)
rElec  .         Dismiss  .     (no cloak)
rCorr  +         Reflect  .     s - +0 pair of gloves
MR     .....     Harm     .     p - +0 pair of boots
Stlth  ++........               (no amulet)
                                l - ring of protection from cold
                                h - ring of resist corrosion

@: lethally poisoned (0 -> -19), very slightly contaminated
A: no striking features
a: no special abilities


You were on level 4 of the Dungeon.
You were not hungry.

You visited 1 branch of the dungeon, and saw 5 of its levels.

You collected 266 gold pieces.

Inventory:

Hand Weapons
 a - a +3 short sword of draining (weapon)
 b - a +0 trident
Armour
 m - a +0 robe (worn)
 p - a +0 pair of boots (worn)
 s - a +0 pair of gloves (worn)
Jewellery
 h - a ring of resist corrosion (left hand)
 l - a ring of protection from cold (right hand)
Wands
 g - a wand of slowing (21/48)
 r - a wand of digging (15/24)
 t - a wand of random effects (24/48)
Scrolls
 e - 3 scrolls of enchant armour
 v - a scroll of recharging {unknown}
Potions
 d - a potion of invisibility
 i - a potion of lignification
 j - a potion of mutation
 o - a potion of berserk rage {unknown}
 u - a potion of heal wounds {unknown}
Books
 q - a book of Flames

   Spells                             Type                      Level
   a - Flame Tongue                   Conjuration/Fire             1
   b - Throw Flame                    Conjuration/Fire             2
   c - Conjure Flame                  Conjuration/Fire             3
   d - Inner Flame                    Hexes/Fire                   3
   e - Sticky Flame                   Conjuration/Fire             4
   f - Fireball                       Conjuration/Fire             5
Comestibles
 c - 3 bread rations
 f - 3 fruits
 k - a meat ration


   Skills:
 + Level 0.5 Fighting
 + Level 3.1 Dodging
 - Level 2.4 Stealth
 + Level 5.8 Spellcasting
 * Level 5.4 Conjurations
 + Level 5.5 Fire Magic


You had one spell level left.
You knew the following spells:

 Your Spells              Type           Power        Failure   Level  Hunger
a - Flame Tongue          Conj/Fire      ####.        1%          1    None
c - Conjure Flame         Conj/Fire      ####....     3%          3    ##.....
f - Fireball              Conj/Fire      ####......   34%         5    #####..
i - Inner Flame           Hex/Fire       ###.....     12%         3    ##.....
s - Sticky Flame          Conj/Fire      ####....     14%         4    ####...


Dungeon Overview and Level Annotations

Branches:
Dungeon (5/15)
 Temple: D:4-7

Altars:

Annotations:
D:4 Pikel; myxocpahck's ghost, amateur HuFE


Message History

Confirm with . or Enter, or press ? or * to list all spells.
Aiming: Sticky Flame
Press: ? - help, Shift-Dir - straight line, f - killer bee, p - killer bee
Aim: a killer bee The sticky flame hits the killer bee.
The killer bee is moderately wounded.
The killer bee is covered in liquid flames!
* * * LOW HITPOINT WARNING * * *
You feel sick.
The killer bee burns! x2
The killer bee stings you but does no damage.
The killer bee stings you.
* * * LOW HITPOINT WARNING * * *
The killer bee barely misses you. The killer bee stings you.
* * * LOW HITPOINT WARNING * * *
You are more poisoned.
The killer bee poisons you!
It was a potion of degeneration.
There was something very wrong with that liquid.
You feel weakened.
You feel dopey.
You feel clumsy.
You die...

###......## #....
##.........## ....
##...........#
##............##
##..............##
#.......<........##
..................#
........yy........#
........@........##
#..............###
##...........###
...########### ..#
# #. ###. #...#
##### ##


You could see 2 killer bees.

Vanquished Creatures
  3 slaves
  A phantom (D:5)
  The ghost of Heartnet the Slasher, an amateur DsGl (D:3)
  A killer bee (D:3)
  A hound (D:4)
  A bullfrog zombie (D:5)
  An orc wizard (D:5)
  A centaur skeleton (D:5)
  Terence (D:2)
  Natasha (thrice) (D:4)
  A worker ant (D:5)
  6 adders
  A shadow imp (D:5)
  An ooze (D:1)
  An adder skeleton (D:5)
  A worm (D:4)
  A dart slug (D:1)
  7 leopard geckos
  7 orcs
  2 ball pythons
  5 bats
  5 giant cockroaches
  5 hobgoblins
  5 jackals
  2 kobolds (D:3)
  3 quokkas
  5 frilled lizards
  6 goblins
  3 rats
81 creatures vanquished.

Notes
Turn   | Place    | Note
-------+----------+-------------------------------------------
     0 | D:1      | Ryco the Deep Elf Fire Elementalist began the quest for the Orb.
     0 | D:1      | Reached XP level 1. HP: 10/10 MP: 6/6
   199 | D:2      | Reached XP level 2. HP: 15/15 MP: 4/8
   377 | D:3      | Reached XP level 3. HP: 19/19 MP: 6/9
   382 | D:3      | Learned a level 3 spell: Conjure Flame
   643 | D:4      | Noticed Natasha
   649 | D:4      | Killed Natasha
   649 | D:4      | Reached XP level 4. HP: 24/24 MP: 4/11
   655 | D:4      | Learned a level 4 spell: Sticky Flame
   810 | D:4      | Noticed a slave
   962 | D:2      | Noticed Terence
   969 | D:2      | Killed Terence
   969 | D:2      | Reached XP level 5. HP: 23/28 MP: 1/13
  1297 | D:3      | Noticed Heartnet's ghost (amateur DsGl)
  1331 | D:3      | Killed Heartnet's ghost
  1331 | D:3      | Reached skill level 5 in Fire Magic
  1370 | D:3      | Learned a level 5 spell: Fireball
  1488 | D:4      | Noticed Natasha
  1493 | D:4      | Killed Natasha
  1493 | D:4      | Reached skill level 5 in Spellcasting
  1493 | D:4      | Reached XP level 6. HP: 22/32 MP: 10/15
  1562 | D:5      | Entered Level 5 of the Dungeon
  1929 | D:5      | Reached skill level 5 in Conjurations
  1949 | D:4      | Noticed Natasha
  1953 | D:4      | Killed Natasha
  1953 | D:4      | Reached XP level 7. HP: 22/37 MP: 9/17
  1974 | D:4      | Noticed myxocpahck's ghost (amateur HuFE)
  2435 | D:4      | Noticed Pikel
  2474 | D:4      | Learned a level 3 spell: Inner Flame
  2674 | D:4      | Succumbed to a killer bee's poison

Vault maps used:
D:1:      dpeg_arrival_shrine
D:2:      minmay_misc_feat_room, uniq_terence
D:3:      first_bread
D:4:      uniq_crazy_yiuf_cottage, uniq_pikel, uniq_natasha
D:5:      lemuel_doored_altar, minmay_misc_feat_ornament

Skill      XL: |  1  2  3  4  5  6 |
---------------+-------------------+-----
Fire Magic     | 4 5 |  5.5
Conjurations   | 2 3 5 |  5.4
Spellcasting   | 4 5 |  5.8
Dodging        | 3 |  3.1
Fighting       | |  0.5
Stealth        | |  2.4

Action                   |  1- 3 |  4- 6 |  7- 9 || total
-------------------------+-------+-------+-------++-------
Melee: Dagger            |    10 |     3 |       ||    13
       Short sword       |       |    34 |    25 ||    59
 Cast: Flame Tongue      |    45 |    71 |    29 ||   145
       Conjure Flame     |     1 |     3 |     4 ||     8
       Sticky Flame      |       |     8 |     4 ||    12
  Use: Scroll            |       |     4 |     1 ||     5
       Potion            |       |     1 |     1 ||     2
 Stab: Sleeping          |       |     4 |     2 ||     6
  Eat: Chunk             |       |     4 |       ||     4
       Pizza             |       |     1 |       ||     1
       Fruit             |       |       |     1 ||     1
       Beef jerky        |       |       |     1 ||     1
Armor: Robe              |     4 |     8 |     8 ||    20
       Skin              |       |     2 |       ||     2
Dodge: Dodged            |    10 |    33 |    30 ||    73
